 Dungeon Crawl Stone Soup version 0.30-a0-748-ge6a52f7cba (webtiles) character file.

Game seed: 17968767783643940170

143 xian the Sneak (level 5, -1/39 HPs)
             Began as a Spriggan Brigand on Feb 8, 2023.
             Slain by a frilled lizard (2 damage)
             ... on level 2 of the Dungeon on Feb 9, 2023.
             The game lasted 00:05:55 (2606 turns).

xian the Sneak (Spriggan Brigand)                   Turns: 2606, Time: 00:05:56

Health: -1/39      AC: 22    Str:  9    XL:     5   Next: 4%
Magic:  6/6        EV:  4    Int: 12    God:
Gold:   99         SH:  5    Dex: 17    Spells: 4/4 levels left

rFire   . . .      SeeInvis +    a - +2 dagger
rCold   . . .      Faith    .    (no shield)
rNeg    . . .      Spirit   .    (body armour currently unavailable)
rPois   +          Reflect  +    (helmet currently unavailable)
rElec   .          Harm     .    (cloak currently unavailable)
rCorr   .          Rampage  .    (gloves unavailable)
Will    .....      NoTele   +    (boots unavailable)
Stlth   ++++                     h - amulet of reflection
HPRegen 0.26/turn                (no ring)
MPRegen 0.10/turn                (no ring)

@: lethally poisoned (-1 -> -3), tree-form, invisible
A: stationary, stasis, torment immunity, boosted hp, very small, no large
weapons, unfitting armour, see invisible, (speed 3)
a: no special abilities


You were on level 2 of the Dungeon.
You were a tree.
You visited 1 branch of the dungeon, and saw 3 of its levels.

You collected 99 gold pieces.

Inventory:

Hand Weapons
 a - a +2 dagger (weapon)
Missiles
 d - 10 poisoned darts (quivered)
 e - 3 curare-tipped darts
Armour
 b - a +0 robe (melded)
 c - a +0 cloak (melded)
Jewellery
 h - an amulet of reflection (around neck)
Scrolls
 f - a scroll of noise {unknown}
 i - 2 scrolls of fog {unknown}
 k - a scroll of butterflies {unknown}
 l - 2 scrolls of identify {unknown}
 m - a scroll of enchant armour {unknown}
Potions
 g - a potion of heal wounds {unknown}
 n - a potion of flight


   Skills:
 + Level 1.9 Fighting
 + Level 3.3 Short Blades
 + Level 2.7 Throwing
 + Level 2.5 Dodging
 + Level 7.7 Stealth


You had 4 spell levels left.
You didn't know any spells.
Your spell library contained the following spells:

 Spells                   Type           Power      Damage    Failure   Level
 Sting                    Tmut/Pois      0%         1d3       32%         1
 Poisonous Vapours        Pois/Air       0%         N/A       45%         2
 Olgreb's Toxic Radiance  Pois           0%         N/A       97%         4


Dungeon Overview and Level Annotations

Branches:
Dungeon (3/15)

Altars:
Nemelex Xobeh

Annotations:
D:3 Robin


Innate Abilities, Weirdness & Mutations

You are a tree.
Your roots penetrate the ground, keeping you stationary.
You cannot be teleported.
You are immune to unholy pain and torment.
Your maximum health is greatly increased.
Your equipment is partially melded.
You are very small and have problems with some larger weapons.
You are too small for most types of armour.
You have supernaturally acute eyesight. (SInv)
((You cover ground extremely quickly. (Speed+++)))


Message History

The goblin closely misses you.
You barely miss the goblin.
You feel sick.
You hit the goblin.
The goblin is heavily wounded.
You feel sick. The frilled lizard barely misses you.
The goblin hits you but does no damage.
You are lethally poisoned!
The goblin closely misses you. The goblin barely misses you.
The goblin closely misses you.
You hit the goblin.
You kill the goblin!
You feel very sick. The frilled lizard misses you.
You block the goblin's attack. The goblin closely misses you.
The goblin barely misses you.
* * * LOW HITPOINT WARNING * * *
You feel very sick. The frilled lizard barely misses you.
You block the goblin's attack. The goblin misses you. x2
You climb upwards.
* * * LOW HITPOINT WARNING * * *
You feel sick.
There is a stone staircase leading down here.
It was a potion of flight.
You feel very buoyant.
You fly up into the air.
* * * LOW HITPOINT WARNING * * *
You feel sick. The goblin barely misses you. The goblin completely misses you.
The goblin misses you. You block the frilled lizard's attack.
It was a potion of lignification.
You turn into a tree.
Your +0 cloak melds into your body.
Your +0 robe melds into your body.
Your roots penetrate the ground.
* * * LOW HITPOINT WARNING * * *
You feel sick. The goblin hits you but does no damage.
You block the goblin's attack. x2; You block the frilled lizard's attack.
It was a potion of invisibility.
You fade into invisibility!
* * * LOW HITPOINT WARNING * * *
You feel sick. The goblin barely misses you. x2
You block the goblin's attack. The frilled lizard bites you.
You die...

.##.#.#.#.#......#........'...#
.##...#.#.#.###..#........#####
.##.###.#.#......#........#
.#......#....###.#........#
.########<#.####.#........#######
.#......#.#....#.#...............
.#.####.#.####.#....#############
.#.#.##.#......#gl..#############
.#.#.##.#####..#♣g..)......).....
.....##.# #..#g#.########.#.#.#
.#.#.##.# #....#.########.#.#.#
.#.#.##.# #.##.#.#†............
.#.#....# #.##.#.##.#####.#....
.#.##########.##.#.##.#####+###.#
.#.#)............#.##)##........#
...#.##.......####.##.##.........
.###..#.####### #.##.##.......#.


You could see 3 goblins and a frilled lizard (unable to see you).

Vanquished Creatures
  A hound (D:2)
  3 gnolls (D:2)
  3 adders
  A worm (D:3)
  A dart slug (D:2)
  2 orcs (D:3)
  5 bats (D:1)
  3 endoplasms (D:1)
  8 goblins
  8 hobgoblins
  2 quokkas (D:1)
  2 ball pythons
  4 frilled lizards
  2 kobolds
  4 rats
49 creatures vanquished.

Notes
Turn   | Place    | Note
-------+----------+-------------------------------------------
     0 | D:1      | xian the Spriggan Brigand began the quest for the Orb.
     0 | D:1      | Reached XP level 1. HP: 10/10 MP: 2/2
    71 | D:1      | Reached skill level 6 in Stealth
   275 | D:1      | Reached XP level 2. HP: 10/14 MP: 3/3
  1058 | D:2      | Found a sparkling altar of Nemelex Xobeh.
  1310 | D:2      | Reached skill level 7 in Stealth
  1310 | D:2      | Reached XP level 3. HP: 16/18 MP: 4/4
  1702 | D:2      | Reached XP level 4. HP: 23/23 MP: 5/5
  2352 | D:3      | Noticed Robin
  2496 | D:3      | Reached XP level 5. HP: 23/26 MP: 6/6
  2606 | D:2      | HP: 1/39 [poisoned by a goblin]
  2606 | D:2      | Slain by a frilled lizard

Illustrated notes

Levels and vault maps discovered:
D:1:      dpeg_arrival_arbitrary_a, layout_basic
D:2:      layout_basic, basic_altar
D:3:      layout_rooms, uniq_robin, uniq_jessica

Skill      XL: |  1  2  3  4 |
---------------+-------------+-----
Stealth        | 6 7 |  7.7
Short Blades   | 3 |  3.3
Dodging        | 2 |  2.5
Fighting       | |  1.9
Throwing       | |  2.7

Action                     |  1- 3 |  4- 6 || total
---------------------------+-------+-------++-------
  Melee: Dagger            |    76 |    80 ||   156
         Punch             |     1 |       ||     1
  Throw: Dart              |    19 |    10 ||    29
    Use: Potion            |       |     3 ||     3
   Stab: Sleeping          |    10 |     6 ||    16
 Armour: Robe              |    12 |     9 ||    21
         Skin              |       |     1 ||     1
  Dodge: Dodged            |    46 |    72 ||   118
  Block: Other             |     8 |    22 ||    30
         Reflection        |     1 |       ||     1

Table legend: (Time is in decaauts)
 A = Elapsed time spent in this place.
 B = Non-inter-level travel time spent in this place.
 C = Inter-level travel time spent in this place.
 D = Time resting spent in this place.
 E = Time spent auto-exploring this place.
 F = Levels seen in this place.
 G = Mean time per level.
                   A        B        C        D        E       F      G
               +--------+--------+--------+--------+--------+-----+--------+
         Total |   1703 |   1657 |     46 |     99 |    985 |   3 |  567.7 |
       Dungeon |   1703 |   1657 |     46 |     99 |    985 |   3 |  567.7 |
               +--------+--------+--------+--------+--------+-----+--------+

Top non-repeatable levels by time:
     D:2: 876 daAuts
     D:1: 672 daAuts
     D:3: 154 daAuts
